 Dungeon Sprint DCSS version 0.25-a0-413-g3b4b6a4 (webtiles) character file.

Game seed: 6190720529499791080, levelgen mode: deterministic

20932 Krakonus1 the Peltast (level 12, -2/94 HPs)
             Began as an Octopode Fighter on Jan 16, 2020.
             Was the Champion of Okawaru.
             Slain by a hornet (16 damage)
             ... in the Dungeon (Sprint V: "Ziggurat Sprint").
             The game lasted 00:20:52 (1628 turns).

Krakonus1 the Peltast (Octopode Fighter)            Turns: 1628, Time: 00:20:52

Health: -2/94      AC: -8    Str: 37    XL:     12   Next: 84%
Magic:  20/20      EV: 34    Int: 27    God:    Okawaru [******]
Gold:   0          SH: 36    Dex: 35    Spells: 11/11 levels left

rFire    + . .     SeeInvis +   Q - +9 lance "Wyrmbane" {slay drac, rPois rF+ rC+ AC+3}
rCold    + . .     Gourm    .   N - +18 shield of the Gong {rElec rN+ MR+ EV-5}
rNeg     + + +     Faith    +   K - +0 hat {SInv}
rPois    +         Spirit   .   a - amulet of Upsojokk {Faith rN+ Dex+2 Stlth+}
rElec    +         Reflect  .   v - ring of flight
rCorr    .         Harm     .   w - +6 ring of dexterity
MR       +....     NoTele   +   x - +6 ring of dexterity
Stlth    ++++++....             y - +6 ring of intelligence
HPRegen  0.25/turn              z - +6 ring of intelligence
MPRegen  0.17/turn              A - +6 ring of strength
                                B - +6 ring of strength
                                O - ring "Quqos" {Wiz rN+ Int+5 Dex+4 Slay-3}

@: mighty, agile, lethally poisoned (-2 -> -18), corroded, slowed, very slow
A: almost no armour, stealthy swim, amphibious, 8 rings, constrict 8, camouflage
1, low mp 1, gelatinous body 1
a: Heroism, Finesse, Renounce Religion, Evoke Flight


You were in the Dungeon.
You worshipped Okawaru.
Okawaru was exalted by your worship.
You were not hungry.

You visited 1 branch

Inventory:

Hand Weapons
 m - a +3 halberd of flaming
 J - a +2 glaive of distortion
 P - the cursed +1 glaive of Iluaz {chop, Dex+4}
   (You found it in the Dungeon)

   It inflicts extra damage upon your enemies.
   It affects your dexterity (+4).
   It has a curse placed upon it.
 Q - the +9 lance "Wyrmbane" (weapon) {slay drac, rPois rF+ rC+ AC+3}
   (You found it in the Dungeon)

   It affects your AC (+3).
   It protects you from fire.
   It protects you from cold.
   It protects you from poison.
 S - a +5 glaive of freezing
 T - the cursed +13 scythe of Curses {drain, *Curse}
   (You found it in the Dungeon)

   A truly terrible weapon, it drains the life of those it strikes.
   It curses itself when equipped.
   It has a curse placed upon it.
 Y - a +5 bardiche
 Z - a +5 demon trident of venom
Missiles
 V - 4 silver boomerangs (quivered)
Armour
 r - the +0 large shield of Indecent Exposure {Dex+4}
   (Okawaru gifted it to you in the Dungeon)

   It affects your dexterity (+4).
 K - a +0 hat of see invisible (worn)
 N - the +18 shield of the Gong (worn) {rElec rN+ MR+ EV-5}
   (You found it in the Dungeon)

   It affects your evasion (-5).
   It insulates you from electricity.
   It protects you from negative energy.
   It affects your resistance to hostile enchantments.
Jewellery
 a - the amulet of Upsojokk (around mantle) {Faith rN+ Dex+2 Stlth+}
   (You found it in the Dungeon)

   [amulet of faith]

   It allows you to gain divine favour quickly.
   It affects your dexterity (+2).
   It protects you from negative energy.
   It makes you more stealthy.
 b - the cursed ring of Ibliebb {rC- EV-3 Dex+2 Stlth+}
   (You found it in the Dungeon)

   [ring of evasion]

   It affects your evasion (-3).
   It affects your dexterity (+2).
   It makes you vulnerable to cold.
   It makes you more stealthy.
   It has a curse placed upon it.
 c - an uncursed ring of stealth
 v - a ring of flight (left tentacle)
 w - a +6 ring of dexterity (right tentacle)
 x - a +6 ring of dexterity (on tentacle)
 y - a +6 ring of intelligence (on tentacle)
 z - a +6 ring of intelligence (on tentacle)
 A - a +6 ring of strength (on tentacle)
 B - a +6 ring of strength (on tentacle)
 L - a +3 ring of dexterity
 O - the ring "Quqos" (on tentacle) {Wiz rN+ Int+5 Dex+4 Slay-3}
   (You found it in the Dungeon)

   [ring of wizardry]

   It improves your spell success rate.
   It affects your intelligence (+5).
   It affects your dexterity (+4).
   It affects your accuracy and damage with ranged weapons and melee attacks
   (-3).
   It protects you from negative energy.
 W - an uncursed ring of see invisible
 X - an uncursed ring of protection from magic
Wands
 C - a wand of disintegration (7)
 D - a wand of iceblast (7)
 E - a wand of acid (7)
Scrolls
 j - 4 scrolls of blinking
 q - 7 scrolls of fog
 s - 5 scrolls of identify
 t - 5 scrolls of remove curse
 u - 2 scrolls of fear
 U - a scroll of brand weapon
Potions
 e - 7 potions of curing
 f - 8 potions of heal wounds
 g - 8 potions of haste
 h - 7 potions of magic
 k - 2 potions of brilliance
 l - a potion of invisibility
 o - a potion of agility
Miscellaneous
 i - a crystal ball of energy
 p - a fan of gales
 F - a box of beasts
 G - a crystal ball of energy
 H - a lightning rod (4/4)
 I - 2 phantom mirrors
 R - a fan of gales
Comestibles
 d - 8 rations
 n - 15 chunks of flesh


   Skills:
 + Level 13.6 Fighting
 - Level 12.1 Polearms
 * Level 16.7 Dodging
 * Level 16.7 Shields
 + Level 14.2 Evocations


You had 11 spell levels left.
You didn't know any spells.
Your spell library contained the following spells:

 Spells                   Type           Power        Failure   Level  Hunger
 Corona                   Hex            #......      4%          1    ##.....
 Foxfire                  Conj/Fire      #...         4%          1    ##.....
 Magic Dart               Conj           #...         4%          1    ##.....
 Sting                    Tmut/Pois      #...         4%          1    ##.....
 Summon Small Mammal      Summ           #...         4%          1    ##.....
 Call Imp                 Summ           #.......     8%          2    ###....
 Corpse Rot               Necr/Air       N/A          8%          2    ###....
 Ensorcelled Hibernation  Hex/Ice        #.....       8%          2    ###....
 Poisonous Vapours        Pois/Air       #.....       8%          2    ###....
 Searing Ray              Conj           #.....       8%          2    ###....
 Slow                     Hex            #.......     8%          2    ###....
 Song of Slaying          Chrm           #.......     8%          2    ###....
 Swiftness                Chrm/Air       #.......     8%          2    ###....
 Call Canine Familiar     Summ           #.......     14%         3    ####...
 Confusing Touch          Hex            #.......     14%         3    ####...
 Conjure Flame            Conj/Fire      #.......     14%         3    ####...
 Gell's Gravitas          Tloc           #.........   14%         3    ####...
 Ignite Poison            Fire/Tmut/Pois #.......     14%         3    ####...
 Inner Flame              Hex/Fire       #.......     14%         3    ####...
 Portal Projectile        Hex/Tloc       #.....       14%         3    ####...
 Spectral Weapon          Hex/Chrm       #.......     14%         3    ####...
 Spider Form              Tmut/Pois      #.........   14%         3    ####...
 Static Discharge         Conj/Air       #.......     14%         3    ####...
 Summon Guardian Golem    Hex/Summ       #.......     14%         3    ####...
 Airstrike                Air            #.........   41%         4    #####..
 Cause Fear               Hex            #.........   41%         4    #####..
 Leda's Liquefaction      Hex/Erth       #.........   41%         4    #####..
 Petrify                  Tmut/Erth      #.......     41%         4    #####..
 Sticky Flame             Conj/Fire      #.......     41%         4    #####..
 Summon Ice Beast         Ice/Summ       #.......     41%         4    #####..
 Summon Lightning Spire   Summ/Air       #.......     41%         4    #####..
 Alistair's Intoxication  Tmut/Pois      #.......     75%         5    ######.
 Blade Hands              Tmut           #.........   75%         5    ######.
 Bolt of Magma            Conj/Fire/Erth #.........   75%         5    ######.
 Borgnjor's Vile Clutch   Necr/Erth      #.........   75%         5    ######.
 Excruciating Wounds      Chrm/Necr      #.........   75%         5    ######.
 Fireball                 Conj/Fire      #.........   75%         5    ######.
 Iskenderun's Battlesphe  Conj/Chrm      #.......     75%         5    ######.
 Metabolic Englaciation   Hex/Ice        #.........   75%         5    ######.
 Silence                  Hex/Air        #.........   75%         5    ######.
 Summon Mana Viper        Hex/Summ       #.......     75%         5    ######.
 Yara's Violent Unravell  Hex/Tmut       #.........   75%         5    ######.
 Darkness                 Hex            #.........   99%         6    #######
 Freezing Cloud           Conj/Ice/Air   #.........   99%         6    #######
 Iron Shot                Conj/Erth      #.........   99%         6    #######
 Shadow Creatures         Summ           N/A          99%         6    #######
 Starburst                Conj/Fire      #.........   99%         6    #######
 Orb of Destruction       Conj           #.........   100%        7    #######
 Ring of Flames           Chrm/Fire      #.........   100%        7    #######
 Spellforged Servitor     Conj/Summ      #.........   100%        7    #######
 Chain Lightning          Conj/Air       #.........   100%        8    #######
 Ignition                 Fire           #.........   100%        8    #######
 Lehudib's Crystal Spear  Conj/Erth      #.........   100%        8    #######
 Fire Storm               Conj/Fire      #.........   100%        9    #######
 Glaciate                 Conj/Ice       #.........   100%        9    #######
 Tornado                  Air            #.........   100%        9    #######


Dungeon Overview and Level Annotations

Branches:
Dungeon (1/1)

Altars:
Ashenzari
Cheibriados
Dithmenos
Elyvilon
Fedhas
Gozag
Hepliaklqana
Kikubaaqudgha
Makhleb
Nemelex Xobeh
Okawaru
Qazlal
Ru
Sif Muna
Trog
Uskayaw
Vehumet
Wu Jian
Xom
Yredelemnul
Zin
The Shining One
Beogh
Jiyva
Lugonu

Annotations:
D 1 transporter


Innate Abilities, Weirdness & Mutations

You cannot wear most types of armour.
You are very stealthy in the water. (Stealth+)
You are amphibious.
You can wear up to eight rings at the same time.
You can use your tentacles to constrict eight enemies at once.
Your skin changes colour to match your surroundings (Stealth+).
Your rubbery body absorbs attacks. (AC +1, EV +1)
Your magical capacity is low. (-10% MP)


Message History

You are too injured to fight recklessly!
You feel better. You block the wolf spider's attack.
BOUMMMMG!
You block the wolf spider's attack.
BONNNG!
You block the hornet's attack.
GONNNNG!
The wolf spider completely misses you. The wolf spider bites you!
You are poisoned.
The wolf spider poisons you! The hornet completely misses you.
You block the jumping spider's attack.
PTOANNNG!
You block the jumping spider's attack.
GONNNNG!
The hornet completely misses you. The wolf spider hits you!
* * * LOW HITPOINT WARNING * * *
The wolf spider completely misses you. The wolf spider hits you.
* * * LOW HITPOINT WARNING * * *
The wolf spider misses you. The hornet stings you!
You die...

▓........▓.
▓....8©8....▓..÷÷....▓.
▓..:=:[)}=..▓.▓....▓.▓.
▓...:):[|:..▓...©....▓.
▓...........▓▓▓▓▓▓▓▓▓▓▓
▓...........▓...8©8...▓
▓..s..a.....▓...).)...▓
▓....sys....▓...|)[...▓
..▓ss@sy▓..▓....)....▓
▓.▓syy▓.▓ ▓...))....▓
▓..▓.....▓..▓.........▓
▓.....©.....▓.........▓
▓▓▓▓▓▓▓▓▓▓▓▓▓.▓.....▓.▓
▓....8©8....▓....©....▓
▓..|).)))|..▓▓▓▓▓▓▓▓▓▓▓
▓...)|.)....▓...8©8...▓
▓...........▓.)}[.|...▓


You could see an emperor scorpion, an entropy weaver, a demonic crawler, 3 wolf
spiders, an orb spider, 4 hornets and a jumping spider.

Vanquished Creatures
  A deep elf master archer (D)
  A deep elf blademaster (D)
  A shadow dragon (D)
  A deep elf annihilator (D)
  A great orb of eyes (D)
  A centaur warrior (D)
  2 dancing weapons (D)
  3 two-headed ogres (D)
  5 soul eaters (D)
  A glowing orange brain (D)
  2 deep elf archers (D)
  A shining eye (D)
  4 deep elf magi (D)
  3 cyclopes (D)
  A guardian mummy (D)
  3 yaktaurs (D)
  A troll (D)
  5 merfolk (D)
  3 slime creatures (D)
  A hippogriff (D)
  4 air elementals (D)
  2 spriggans (D)
  A tarantella (D)
  A fire elemental (D)
  A water moccasin (D)
  3 orc warriors (D)
  6 black bears (D)
  An ogre (D)
  4 wolves (D)
  A centaur (D)
  An earth elemental (D)
  4 jellies (D)
  An orc wizard (D)
  2 orc priests (D)
  An adder (D)
  An ooze (D)
  A spectral adder (D)
  An adder zombie (D)
  An adder skeleton (D)
  An orc (D)
  A spectral bat (D)
  2 ball pythons (D)
  A bat zombie (D)
  A jackal skeleton (D)
  A jackal zombie (D)
85 creatures vanquished.

Vanquished Creatures (others)
  A deep elf knight (D)
  An orc sorcerer (D)
  An air elemental (D)
3 creatures vanquished.

Grand Total: 88 creatures vanquished

Notes
Turn   | Place    | Note
-------+----------+-------------------------------------------
     0 | D        | Krakonus1 the Octopode Fighter began the quest for the Orb.
     0 | D        | Reached XP level 1. HP: 16/16 MP: 1/1
     0 | D        | Found a shimmering blue altar of Sif Muna.
     0 | D        | Found a sacrificial altar of Ru.
     0 | D        | Found a bloodstained altar of Trog.
     0 | D        | Found a stormy altar of Qazlal.
     0 | D        | Found an iron altar of Okawaru.
     0 | D        | Found a sparkling altar of Nemelex Xobeh.
     0 | D        | Found a blossoming altar of Fedhas.
     1 | D        | Found the +6 Majin-Bo {vamp, Archmagi MP+6 Int+6}
     1 | D        | Found the +7 great mace "Firestarter" {inner flame, rF++}
     2 | D        | Found a transporter.
     2 | D        | Found an ancient bone altar of Kikubaaqudgha.
     2 | D        | Found a viscous altar of Jiyva.
     2 | D        | Found a corrupted altar of Lugonu.
     2 | D        | Found a hazy altar of Hepliaklqana.
     2 | D        | Found a burning altar of Makhleb.
     2 | D        | Found an opulent altar of Gozag.
    23 | D        | Found the +9 heavy crossbow "Sniper" {velocity, Acc+∞ SInv}
    23 | D        | Found the +10 dark maul {crush}
    23 | D        | Found the +15 Maxwell's patent armour {-Cast -Tele rElec
                  | MR+ rCorr}
    23 | D        | Found the +18 shield of the Gong {rElec rN+ MR+ EV-5}
    23 | D        | Found the cursed +14 obsidian axe {chop, +Fly SInv *Curse}
    25 | D        | Found the +6 shillelagh "Devastator" {shatter}
    25 | D        | Found the +11 plutonium sword {*Contam Stlth-}
    25 | D        | Found the +8 lance "Wyrmbane" {slay drac, rPois rF+ rC+
                  | AC+3}
    25 | D        | Found the +9 sword of Zonguldrok {reap}
    25 | D        | Found the cursed +13 scythe of Curses {drain, *Curse}
    25 | D        | Found the +0 sword of Power
    25 | D        | Found the +7 mace of Variability {chain chaos}
    25 | D        | Found the +7 Singing Sword {slice, sonic wave}
    25 | D        | Found the +8 storm bow {elec, penet}
   143 | D        | Became a worshipper of Warmaster Okawaru
   152 | D        | Entered arena 2.
   152 | D        | Noticed a guardian mummy
   152 | D        | Found a transporter.
   157 | D        | HP: 1/16 [guardian mummy (15)]
   158 | D        | Reached skill level 1 in Evocations
   161 | D        | Killed a guardian mummy
   161 | D        | Reached * piety under Okawaru
   161 | D        | Reached ** piety under Okawaru
   161 | D        | Reached skill level 5 in Fighting
   161 | D        | Reached skill level 5 in Dodging
   161 | D        | Reached skill level 5 in Shields
   161 | D        | Reached skill level 5 in Evocations
   161 | D        | Reached XP level 2. HP: 15/25 MP: 1/5
   161 | D        | Reached XP level 3. HP: 18/30 MP: 1/6
   161 | D        | Reached XP level 4. HP: 22/36 MP: 1/7
   161 | D        | Reached XP level 5. HP: 25/41 MP: 1/8
   161 | D        | Reached XP level 6. HP: 28/46 MP: 1/9
   165 | D        | Got the cursed ring of Ibliebb {rC- EV-3 Dex+2 Stlth+}
   278 | D        | Entered arena 3.
   278 | D        | Noticed a black bear
   278 | D        | Noticed a spriggan
   278 | D        | Found a transporter.
   279 | D        | Reached XP level 7. HP: 53/53 MP: 9/11
   286 | D        | Killed a spriggan
   286 | D        | Reached skill level 10 in Polearms
   311 | D        | Entered arena 4.
   311 | D        | Noticed an air elemental
   311 | D        | Noticed a fire elemental
   311 | D        | Noticed a deep elf mage
   311 | D        | Noticed a +1 hand axe of venom
   311 | D        | Found a transporter.
   312 | D        | Found the +8 longbow "Zephyr" {speed, Dex+3 SInv}
   322 | D        | Killed a deep elf mage
   322 | D        | Reached *** piety under Okawaru
   322 | D        | Reached XP level 8. HP: 31/61 MP: 10/13
   323 | D        | Killed a +1 hand axe of venom
   327 | D        | Killed an air elemental
   327 | D        | Reached **** piety under Okawaru
   545 | D        | Entered arena 5.
   545 | D        | Found a transporter.
   575 | D        | Entered arena 6.
   575 | D        | Noticed a troll
   575 | D        | Noticed a two-headed ogre
   575 | D        | Noticed a two-headed ogre
   575 | D        | Noticed a two-headed ogre
   575 | D        | Found a transporter.
   581 | D        | Killed a two-headed ogre
   581 | D        | Reached XP level 9. HP: 68/68 MP: 15/15
   584 | D        | Killed a two-headed ogre
   584 | D        | Reached ***** piety under Okawaru
   584 | D        | Reached skill level 10 in Dodging
   584 | D        | Reached skill level 10 in Shields
   586 | D        | Killed a troll
   589 | D        | Killed a two-headed ogre
   589 | D        | Received a gift from Okawaru
   589 | D        | Reached skill level 10 in Fighting
   589 | D        | Reached skill level 10 in Evocations
   589 | D        | Reached XP level 10. HP: 76/76 MP: 15/17
   613 | D        | Got the ring "Quqos" {Wiz rN+ Int+5 Dex+4 Slay-3}
   622 | D        | Got the cursed +1 glaive of Iluaz {chop, Dex+4}
   641 | D        | Entered arena 7.
   641 | D        | Noticed an orc sorcerer
   641 | D        | Noticed a deep elf knight
   642 | D        | Found a transporter.
   643 | D        | Killed an orc sorcerer
   645 | D        | Killed a deep elf knight
   672 | D        | Entered arena 8.
   672 | D        | Noticed a cyclops
   672 | D        | Noticed a cyclops
   672 | D        | Noticed a centaur warrior
   673 | D        | Found a transporter.
   682 | D        | Killed a centaur warrior
   688 | D        | Killed a cyclops
   692 | D        | Killed a cyclops
   719 | D        | Got the cursed +0 trident of the Pits of Slime {vamp, rF+}
   950 | D        | Entered arena 9.
   951 | D        | Identified the cursed +1 spear of Cheibriados {flame, rF-
                  | rC+ Dex+5 SInv}
   951 | D        | Found a transporter.
   972 | D        | Reached XP level 11. HP: 73/83 MP: 19/19
   997 | D        | Entered arena 10.
   997 | D        | Noticed a cyclops
   998 | D        | Found a transporter.
  1006 | D        | Killed a cyclops
  1044 | D        | Got Obbyol's Grimoire of Creative Transformation
  1245 | D        | Entered arena 11.
  1246 | D        | Found the +8 Wrath of Trog {antimagic, *Rage}
  1253 | D        | Found a transporter.
  1282 | D        | Got the amulet of Upsojokk {Faith rN+ Dex+2 Stlth+}
  1292 | D        | Got the Guide on Attacks and Calling
  1301 | D        | Entered arena 12.
  1301 | D        | Noticed a deep elf annihilator
  1301 | D        | Noticed a deep elf mage
  1301 | D        | Noticed a deep elf mage
  1301 | D        | Noticed a +1 vampiric battleaxe
  1301 | D        | Noticed a deep elf mage
  1303 | D        | Noticed a deep elf archer
  1304 | D        | Noticed a deep elf archer
  1304 | D        | Noticed a deep elf blademaster
  1305 | D        | Noticed a deep elf master archer
  1311 | D        | Found a transporter.
  1312 | D        | Killed a deep elf mage
  1312 | D        | Received a gift from Okawaru
  1315 | D        | Killed a deep elf mage
  1316 | D        | Killed a deep elf archer
  1317 | D        | Killed a +1 vampiric battleaxe
  1317 | D        | Reached ****** piety under Okawaru
  1319 | D        | Killed a deep elf mage
  1322 | D        | Killed a deep elf annihilator
  1342 | D        | Killed a deep elf blademaster
  1349 | D        | Killed a deep elf master archer
  1349 | D        | Reached skill level 15 in Dodging
  1349 | D        | Reached skill level 15 in Shields
  1349 | D        | Reached XP level 12. HP: 70/92 MP: 21/21
  1412 | D        | Got the Reference Book on the Floating Arsonist
  1419 | D        | Got the Tome of Boosts and Envenoming
  1440 | D        | Entered arena 13.
  1441 | D        | Noticed a great orb of eyes
  1445 | D        | Received a gift from Okawaru
  1446 | D        | Got a pitted large shield {god gift}
  1455 | D        | Gained mutation: Your magical capacity is low. (-10% MP) [a
                  | shining eye]
  1489 | D        | Killed a great orb of eyes
  1493 | D        | Found a transporter.
  1499 | D        | Got the Handbook of Unholy Intoxication
  1529 | D        | Identified the +0 large shield of Indecent Exposure {Dex+4}
                  | (Okawaru gifted it to you in the Dungeon)
  1541 | D        | Entered arena 14.
  1542 | D        | Noticed a shadow dragon
  1542 | D        | Noticed a soul eater
  1543 | D        | Noticed a soul eater
  1543 | D        | Noticed a soul eater
  1543 | D        | Noticed a soul eater
  1543 | D        | Noticed a soul eater
  1546 | D        | Found a transporter.
  1558 | D        | Killed a shadow dragon
  1564 | D        | Killed a soul eater
  1568 | D        | Killed a soul eater
  1572 | D        | Killed a soul eater
  1578 | D        | Killed a soul eater
  1585 | D        | Killed a soul eater
  1615 | D        | Entered arena 15.
  1616 | D        | Noticed an emperor scorpion
  1616 | D        | Noticed an entropy weaver
  1617 | D        | Found the +8 orange crystal plate armour {Archmagi, Int+3
                  | Clar}
  1618 | D        | Found a transporter.
  1628 | D        | Slain by a hornet

Levels and vault maps discovered:
D:        sprint_v [room_start, room_1, room_2, room_3, room_4, room_5, room_6,
          room_7, room_8, room_9, room_10, room_11, room_12, room_13, room_14,
          room_15, room_16, room_17, room_18, room_19, room_20, room_21,
          room_22, room_23, room_24, room_25, room_26, room_27]

Skill      XL: |  1  2  3  4  5  6  7  8  9 10 11 12 |
---------------+-------------------------------------+-----
Evocations     | 5 6 7 9 10 11 13 14 | 14.2
Fighting       | 5 7 9 10 11 12 13 | 13.6
Polearms       | 7 9 10 12 | 12.1
Dodging        | 5 6 7 9 10 12 15 16 | 16.7
Shields        | 5 7 9 10 12 15 16 | 16.7

Action                   |  1- 3 |  4- 6 |  7- 9 | 10-12 || total
-------------------------+-------+-------+-------+-------++-------
Melee: Lance             |     5 |       |    31 |   238 ||   274
       Tentacles         |     1 |       |    11 |    83 ||    95
       Constrict         |       |       |     3 |    35 ||    38
       Punch             |       |       |       |     1 ||     1
Invok: Heroism           |       |       |     1 |     3 ||     4
       Finesse           |       |       |       |     1 ||     1
  Use: Potion            |     1 |     1 |    12 |    12 ||    26
       Scroll            |     1 |       |     1 |       ||     2
 Stab: Sleeping          |     1 |       |       |       ||     1
       Invisible         |       |       |       |    21 ||    21
  Eat: Chunk             |       |       |       |     2 ||     2
Armor: Skin              |       |       |     1 |     2 ||     3
Dodge: Dodged            |       |       |    17 |    91 ||   108
Block: Shield            |     2 |       |    61 |   311 ||   374

Table legend:
 A = Non-vault XP
 B = Vault XP
 C = Vault XP percentage of total XP
 D = Non-vault monster count
 E = Vault monster count
 F = Vault count percentage of total count
                 A         B        C        D         E       F
            +---------+---------+-------+---------+---------+-------
      Total |       0 |   29584 | 100.0 |       0 |      86 | 100.0
            +---------+---------+-------+---------+---------+-------
          D |       0 |   29584 | 100.0 |       0 |      86 | 100.0
            +---------+---------+-------+---------+---------+-------
